 Dungeon Crawl Stone Soup version 0.31.0-1-g2c135a0 (webtiles) character file.

Game seed: 6393073626907117237

29 jagoly the Trooper (level 3, -1/24 HPs)
             Began as a Gargoyle Monk on Jan 25, 2024.
             Slain by a gnoll
             ... wielding a +0 spear
              (5 damage)
             ... on level 3 of the Dungeon.
             The game lasted 00:04:55 (596 turns).

jagoly the Trooper (Gargoyle Monk)                   Turns: 596, Time: 00:04:55

Health: -1/24      AC:  8    Str: 16    XL:     3   Next: 16%
Magic:  3/3        EV: 11    Int: 10    God:
Gold:   58         SH:  0    Dex: 12    Spells: 2/2 levels left

rFire   . . .        a - +0 broad axe
rCold   . . .        d - orb {light}
rNeg    + . .        o - +0 ring mail
rPois   ∞            (no helmet)
rElec   +            (no cloak)
rCorr   .            (no gloves)
SInv    .            (no boots)
Will    .....        (no amulet)
Stlth   +            (no ring)
HPRegen 0.24/turn    (no ring)
MPRegen 0.08/turn

%: no passive effects
@: glowing
A: sickness immunity, AC +3, negative energy resistance 1, electricity
resistance, torment resistance 1, petrification resistance
a: no special abilities


You were on level 3 of the Dungeon.
You visited 1 branch of the dungeon, and saw 4 of its levels.

You collected 58 gold pieces.

Inventory:

Hand Weapons
 a - a +0 broad axe (weapon)
Missiles
 k - 3 stones (quivered)
Armour
 b - a +0 robe
 d - an orb of light (worn)
 j - a +0 leather armour
 l - the +1 robe of Disappointment {rN+}
   (You found it on level 3 of the Dungeon)

   rN+:       It protects you from negative energy.
 n - a +0 robe of resistance
 o - a +0 ring mail (worn)
Scrolls
 f - a scroll of fog {unknown}
 g - a scroll of acquirement {unknown}
 i - a scroll of teleportation {unknown}
 m - a scroll of immolation {unknown}
Potions
 c - a potion of ambrosia
 e - a potion of curing {unknown}
 h - a potion of cancellation {unknown}


   Skills:
 + Level 3.6 Fighting
 * Level 3.3 Axes
 - Level 2.4 Dodging
 + Level 1.4 Stealth


You had 2 spell levels left.
You didn't know any spells.
Your spell library was empty.

Dungeon Overview and Level Annotations

Branches:
Dungeon (4/15) Zot: 23388
 Temple: D:4-7

Altars:

Shops:
D:1 [   D:2 *

Annotations:
D:2 Sigmund


Innate Abilities, Weirdness & Mutations

You are immune to sickness and miasma.
Your stone body is resilient. (AC +3)
You are immune to poison.
You resist negative energy. (rN+)
You are resistant to electric shocks. (rElec)
You are resistant to unholy torment.
You are immune to petrification.


Message History

Welcome, jagoly the Gargoyle Monk.
It's a long way down to the Orb of Zot, but that shouldn't be any trouble.
Press ? for a list of commands and other information.
Found a staircase leading out of the dungeon.
As you open the door, it creaks loudly!
There is an open door here.
Found 15 gold pieces.
Found a short sword.
A ball python comes into view.
The ball python hisses angrily.
You see here 15 gold pieces.
A rat comes into view.
The rat squeaks loudly.
The ball python bites you. The ball python closely misses you.
You hit the ball python but do no damage.
The ball python bites you. The ball python barely misses you.
You hit the ball python.
You kill the ball python!
The rat bites you but does no damage.
You barely miss the rat. The rat bites you.
You hit the rat but do no damage. The rat bites you but does no damage.
You hit the rat but do no damage. The rat bites you. x2
You hit the rat.
You kill the rat!
No target in view!
No target in view!
You now have 15 gold pieces.
You open the door.
There is an open door here.
HP restored.
HP restored.
Found a sapphire potion.
Found a stone staircase leading down.
e - a sapphire potion A rat comes into view.
The rat bites you but does no damage.
You hit the rat.
You kill the rat!
No target in view!
No target in view!
There is a stone staircase leading down here.
You climb downwards.
Found Vicuxtih's Assorted Antiques.
There is a stone staircase leading up here.
There is an entrance to Vicuxtih's Assorted Antiques here.
You can access your shopping list by pressing '$'.
A ribbon worm comes into view.
A ribbon worm is nearby!
The ribbon worm expels a string of sticky webbing.
The stream of webbing misses you. The ribbon worm completely misses you.
You hit the ribbon worm but do no damage.
The ribbon worm closely misses you.
You hit the ribbon worm.
The ribbon worm is moderately wounded.
The ribbon worm closely misses you.
You hit the ribbon worm.
The ribbon worm is moderately wounded.
The ribbon worm bites you but does no damage.
You hit the ribbon worm.
The ribbon worm is heavily wounded.
The ribbon worm closely misses you.
You slash the ribbon worm!
The ribbon worm is severely wounded.
The ribbon worm bites you.
You hit the ribbon worm.
The ribbon worm is almost dead.
The ribbon worm bites you.
You hit the ribbon worm.
The ribbon worm is almost dead.
The ribbon worm bites you but does no damage.
You hit the ribbon worm but do no damage.
The ribbon worm is almost dead.
The ribbon worm expels a string of sticky webbing.
The stream of webbing misses you.
You hit the ribbon worm.
The ribbon worm is almost dead.
You hit the ribbon worm.
You kill the ribbon worm!
Found a stone staircase leading down.
You see here a ribbon worm corpse.
There is a stone staircase leading down here.
You climb downwards.
There is a stone staircase leading up here.
You climb upwards.
There is a stone staircase leading down here.
HP restored.
Found 14 gold pieces.
You now have enough gold to buy a scroll labelled KUASOF ZOSIM on this level, buy a scroll labelled SIKHIUPRASUH on this level, buy a scroll labelled WOANAM EP VIF on this level, buy a scroll labelled XICVOA BOFEE on this level, or buy a scroll labelled ZANNURCHUDAF on this level.
You can access your shopping list by pressing '$'.
You now have 29 gold pieces (gained 14).
A goblin comes into view. It is wielding a +0 club.
The goblin shouts!
You hear a shout!
The goblin hits you but does no damage.
You slash the goblin!
You kill the goblin!
You have reached level 2!
A kobold comes into view. It is wielding a +0 dagger.
Found 6 gold pieces.
Found a robe.
Found a stone staircase leading up.
Sigmund and a bombardier beetle come into view.
Sigmund is wielding a +2 heavy scythe.
The kobold barely misses you.
You slash the kobold!
You kill the kobold!
Sigmund's eyes start glowing with a red light.
Your Axes skill increases to level 3!
Sigmund points at you and mumbles some strange words.
You resist with significant effort.
Things that are here:
a +0 dagger; a kobold corpse A quokka comes into view.
Sigmund points at you and mumbles some strange words.
You resist with significant effort.
The quokka moves out of view.
The quokka bites you. The quokka closely misses you. The quokka bites you.
The quokka barely misses you.
There is a stone staircase leading up here.
The quokka barely misses you.
You climb upwards.
The bat closely misses you.
Found Pamn's Armour Shop.
There is a stone staircase leading down here.
You barely miss the quokka. You hit the bat but do no damage.
The bat hits you but does no damage. The quokka closely misses you. x2
You slash the quokka!
You kill the quokka!
The bat hits you but does no damage.
You hit the bat.
You kill the bat!
Press: ? - help, v - describe, . - travel A translucent stone wall.
HP restored.
There is an entrance to Pamn's Armour Shop here.
You open the door.
There is an open door here.
You open the door.
There is an open door here.
You open the door.
Found a broad axe.
There is an open door here.
You see here a +0 broad axe.
f - a +0 broad axe You open the door.
There is an open door here.
You open the door.
There is an open door here.
An endoplasm comes into view.
The endoplasm quivers.
A hobgoblin comes into view.
The hobgoblin shouts!
You hit the endoplasm.
The endoplasm is moderately wounded.
The endoplasm hits you but does no damage.
You hit the endoplasm.
You kill the endoplasm!
The hobgoblin completely misses you.
You hit the hobgoblin but do no damage. The hobgoblin closely misses you.
You completely miss the hobgoblin. The hobgoblin closely misses you.
You hit the hobgoblin.
The hobgoblin is heavily wounded.
The hobgoblin hits you but does no damage.
You hit the hobgoblin but do no damage.
The hobgoblin is heavily wounded.
The hobgoblin hits you. x2
You hit the hobgoblin.
You kill the hobgoblin!
Your Stealth skill increases to level 1!
No target in view!
No target in view!
f - a +0 broad axe (weapon)
Adjust (i)tems, (s)pells, or (a)bilities?
f - a +0 broad axe (weapon)
Adjust to which letter? (? for menu, Esc to quit)
a - a +0 broad axe (weapon);
f - a +0 hand axe You drop a +0 hand axe.
As you open the door, it creaks loudly!
Found a scroll labelled HAUM DAUZANEKU and a scroll labelled XYFINY ANOUJ.
There is an open door here.
f - a scroll labelled XYFINY ANOUJ HP restored.
g - a scroll labelled HAUM DAUZANEKU
Found 8 gold pieces.
You now have enough gold to buy 2 brown potions on D:2.
You can access your shopping list by pressing '$'.
You now have 37 gold pieces (gained 8).
You open the door.
There is an open door here.
As you open the door, it creaks loudly!
Found a stone staircase leading down.
There is an open door here.
There is a stone staircase leading down here.
You climb downwards.
Level annotation: Sigmund The adder hisses angrily.
The endoplasm quivers.
The endoplasm closely misses you.
Found 10 gold pieces and a sedimented brown potion.
There is a stone staircase leading up here.
You hit the endoplasm.
The endoplasm is severely wounded.
The endoplasm hits you but does no damage.
You hit the endoplasm.
You kill the endoplasm!
The adder barely misses you.
You hit the adder but do no damage. The adder closely misses you.
The adder bites you but does no damage.
You slash the adder!
The adder is severely wounded.
The adder barely misses you. x2
You slash the adder!
You kill the adder!
No target in view!
You now have 47 gold pieces (gained 10).
There is a stone staircase leading up here.
A ribbon worm comes into view.
You see here a sedimented brown potion.
h - a sedimented brown potion The ribbon worm expels a string of sticky webbing.
The stream of webbing misses you.
You hit the ribbon worm.
The ribbon worm is lightly wounded.
The ribbon worm closely misses you. The ribbon worm misses you.
You hit the ribbon worm but do no damage.
The ribbon worm is lightly wounded.
The ribbon worm barely misses you.
You hit the ribbon worm.
The ribbon worm is lightly wounded.
The ribbon worm bites you.
You slash the ribbon worm!
The ribbon worm is almost dead.
The ribbon worm bites you.
You hit the ribbon worm.
The ribbon worm is almost dead.
The ribbon worm expels a string of sticky webbing.
The stream of webbing misses you.
You slash the ribbon worm!
You kill the ribbon worm!
You have reached level 3!
Your experience leads to an increase in your attributes!
Increase (S)trength, (I)ntelligence, or (D)exterity?
You feel stronger. x2
A bat comes into view.
You slash the bat!
You kill the bat!
No target in view!
You see here a bat corpse.
HP restored.
HP restored.
Found a stone staircase leading down.
There is a stone staircase leading down here.
You climb downwards.
There is a stone staircase leading up here.
Found a scroll labelled GEXYCA CUGEXTU.
i - a scroll labelled GEXYCA CUGEXTU
Found a leather armour.
You see here a +0 leather armour.
You start removing your armour.
You continue taking off your +0 robe. x4
You finish taking off your +0 robe.
You start putting on your armour.
You continue putting on your +0 leather armour. x5
You finish putting on your +0 leather armour.
An endoplasm comes into view.
Found 11 gold pieces.
Found a stone staircase leading down.
The endoplasm quivers.
An endoplasm is nearby!
Okay, then.
You slash the endoplasm!
You kill the endoplasm!
You now have 58 gold pieces (gained 11).
You open the door.
There is an open door here.
Found 5 stones.
You open the door.
There is an open door here.
A bat comes into view.
Found a robe.
The bat misses you.
Found a ring mail, a scroll labelled ZANNURCHUDAF and a spiked robe.
You closely miss the bat. The bat barely misses you.
The bat completely misses you.
You barely miss the bat. The bat hits you but does no damage. x2
You closely miss the bat. The bat barely misses you.
The bat hits you but does no damage. The bat closely misses you.
You closely miss the bat. The bat hits you but does no damage.
The bat hits you.
You closely miss the bat. The bat closely misses you.
You closely miss the bat. The bat hits you but does no damage.
The bat barely misses you.
You barely miss the bat. The bat barely misses you. The bat closely misses you.
You slash the bat!
You kill the bat!
No target in view!
Found an embroidered robe.
You see here 5 stones.
k - 5 stones You see here the +1 robe of Disappointment {rN+}.
l - the +1 robe of Disappointment {rN+}
m - a scroll labelled ZANNURCHUDAF You see here a +0 robe of resistance.
n - a +0 robe of resistance You see here a +0 ring mail.
You start removing your armour.
You continue taking off your +0 leather armour. x4
You finish taking off your +0 leather armour.
You start putting on your armour.
You continue putting on your +0 ring mail. x5
You finish putting on your +0 ring mail.
Found 12 gold pieces. 3 gnolls come into view.
A gnoll is wielding a +2 whip of electrocution.
The gnoll shouts! x3; You hear a shout!
You aren't carrying any items that you can evoke.
Unknown command.
Throw: 5 stones
Press: ? - help, Q - select action Shift-Dir - straight line, f - gnoll
Aim: a gnoll, wielding a +0 spear (58% to hit)
You throw a stone. The stone barely misses the gnoll.
Throw: 4 stones
Press: ? - help, Q - select action Shift-Dir - straight line, f/p - gnoll
Aim: a gnoll, wielding a +0 spear (58% to hit)
You throw a stone.
The stone hits the gnoll but does no damage.
There is a stone staircase leading down here.
Unknown command.
Unknown command.
Unknown command.
The gnoll hits you with a +0 spear.
There is a stone staircase leading down here.
Unknown command.
The gnoll hits you from afar with a +0 spear.
The gnoll misses you.
You climb downwards.
The orc priest shouts!
The orc shouts!
Found a quarterstaff.
There is a stone staircase leading up here.
Okay, then.
The gnoll hits you but does no damage.
You climb upwards.
There is a stone staircase leading down here.
Cleave: a) +0 broad axe
Press: ? - help, Dir - move target, f - gnoll
Aim: a gnoll, wielding a +0 spear (haloed, about 21% to evade your +0 broad axe)
You barely miss the gnoll. The gnoll hits you with a +0 spear.
* * * LOW HITPOINT WARNING * * *
The gnoll completely misses you. The gnoll closely misses you.
The gnoll attacks as it pursues you! The gnoll hits you but does no damage.
The gnoll hits you with a +0 spear.
* * * LOW HITPOINT WARNING * * *
Found 3 poisoned darts.
The gnoll barely misses you. The gnoll hits you but does no damage.
The gnoll misses you.
Cleave: a) +0 broad axe
Press: ? - help, Dir - move target, f/p - gnoll
Aim: a gnoll, wielding a +0 spear (haloed, about 21% to evade your +0 broad axe)
You hit the gnoll.
The gnoll is lightly wounded.
You hit the gnoll. The gnoll closely misses you.
The gnoll hits you but does no damage.
Cleave: a) +0 broad axe
Press: ? - help, Dir - move target, f/p - gnoll
Aim: a gnoll, wielding a +0 spear (lightly wounded, haloed, about 21% to evade your +0 broad axe)
You hit the gnoll.
The gnoll is moderately wounded.
You hit the gnoll. The gnoll hits you with a +0 spear.
* * * LOW HITPOINT WARNING * * *
The gnoll hits you with a +0 spear.
You die...

#...g#####.##### ########
####.....#.## ..#####....#
#.......#..# #
..#####....# .# #.##.#
###.# #.#..# #...#
#.#.####g###
#########'#....g@..#
..............####.#
................# .#
..............#.# .#
..............#.# .#
..............#.# .#
..............#.# .(
..............#.##########
###############.##.......#


You could see 2 gnolls.

Vanquished Creatures
  An adder (D:2)
  2 ribbon worms (D:2)
  A ball python (D:1)
  3 endoplasms
  A goblin (D:2)
  A hobgoblin (D:1)
  A quokka (D:1)
  3 bats
  A kobold (D:2)
  2 rats (D:1)
16 creatures vanquished.

Notes
Turn   | Place    | Note
-------+----------+-------------------------------------------
     0 | D:1      | jagoly the Gargoyle Monk began the quest for the Orb.
     0 | D:1      | Reached XP level 1. HP: 14/14 MP: 1/1
    65 | D:2      | Found Vicuxtih's Assorted Antiques.
   131 | D:2      | Reached XP level 2. HP: 19/19 MP: 2/2
   134 | D:2      | Noticed Sigmund
   134 | D:2      | Noticed a bombardier beetle
   152 | D:1      | Noticed an animated gold dragon scales
   152 | D:1      | Noticed an animated crystal plate armour
   152 | D:1      | Found Pamn's Armour Shop.
   274 | D:1      | Reached skill level 1 in Stealth
   365 | D:2      | Reached XP level 3. HP: 16/23 MP: 3/3
   520 | D:3      | Identified the +1 robe of Disappointment {rN+}
   596 | D:3      | Slain by a gnoll

Illustrated notes

Levels and vault maps discovered:
D:1:      wander_arrival_chamber, layout_basic, serial_shops,
          nicolae_shop_mannequins
D:2:      layout_loops_ring, hellmonk_ecumenical_altar_dog_temple, serial_shops,
          shop, uniq_robin, uniq_sigmund
D:3:      minmay_general_purpose_star, layout_basic, uniq_natasha
D:4:      layout_cave_pools, grunt_temple_overflow_diamond,
          minmay_misc_feat_encased, uniq_eustachio

Skill      XL: |  1  2 |
---------------+-------+-----
Axes           | 3 |  3.3
Stealth        | 1 |  1.4
Fighting       | |  3.6
Dodging        | |  2.4

Action                     || total
---------------------------++-------
  Melee: Hand axe          ||    29
         Broad axe         ||    24
  Throw: Stone             ||     2
 Armour: Robe              ||    25
         Ring mail         ||    10
         Leather armour    ||     6
  Dodge: Dodged            ||    43
